1746 views
Uploaded 2023-04-23 15:31:16
Game version 1.35 (6115)
21:31 long 2on2 ladder game on (4)KingAndCountry_S2_v1.3
Saved by DKnight
1746 views
Uploaded 2023-04-23 15:31:16
Game version 1.35 (6115)
21:31 long 2on2 ladder game on (4)KingAndCountry_S2_v1.3


62 units @ 9.8k
/ 1.6k
29 buildings @ 4.5k
/ 1.6k



| Healing Salve | 6 | 600 |
| Lesser Clarity Potion | 6 | 420 |
| Scroll of Speed | 3 | 150 |
| Potion of Healing | 7 | 1050 |
| Orb of Lightning | 1 | 375 |
| Tiny Great Hall | 1 | 600 |
| Scroll of Town Portal | 3 | 1050 |
| total: | 27 | 4245g |
| Peon | 9 | 675 | / | 0 |
| Troll Headhunter | 6 | 840 | / | 120 |
| Spirit Walker | 4 | 780 | / | 140 |
| Tauren | 5 | 1400 | / | 400 |
| Troll Berserker | 1 | 140 | / | 20 |
| Demolisher | 2 | 440 | / | 100 |
| total: | 27 | 4275g | / | 780w |
| Watch Tower | 2 | 220 | / | 160 |
| Altar of Storms | 1 | 180 | / | 50 |
| Orc Burrow | 7 | 1120 | / | 280 |
| War Mill | 1 | 205 | / | 0 |
| Voodoo Lounge | 1 | 130 | / | 30 |
| Barracks | 1 | 180 | / | 50 |
| Tauren Totem | 2 | 270 | / | 310 |
| Stronghold | 1 | 315 | / | 190 |
| Fortress | 1 | 325 | / | 190 |
| total: | 15 | 2305g | / | 880w |
| 0:03 | Peon |
| 0:03 | Peon |
| 0:08 | Altar of Storms |
| 0:19 | Orc Burrow |
| 0:24 | Peon |
| 0:41 | Peon |
| 0:50 | War Mill |
| 0:56 | Peon |
| 1:04 | Voodoo Lounge |
| 1:12 | Peon |
| 1:31 | Peon |
| 1:42 | Barracks |
| 2:07 | Healing Salve |
| 2:08 | Lesser Clarity Potion |
| 2:10 | Wind Walk |
| 2:41 | Stronghold |
| 2:46 | Orc Burrow |
| 3:13 | Troll Headhunter |
| 3:34 | Troll Headhunter |
| 3:53 | Troll Headhunter |
| 4:03 | Orc Burrow |
| 4:14 | Troll Headhunter |
| 4:37 | Troll Headhunter |
| 5:04 | Reinforced Defenses |
| 5:34 | Fortress |
| 5:45 | Critical Strike |
| 5:57 | Scroll of Speed |
| 6:03 | Hex |
| 6:18 | Healing Salve |
| 6:23 | Orc Burrow |
| 6:26 | Tauren Totem |
| 7:10 | Potion of Healing |
| 7:12 | Potion of Healing |
| 7:12 | Healing Salve |
| 7:21 | Troll Headhunter |
| 7:25 | Scroll of Speed |
| 7:37 | Spirit Walker |
| 7:56 | Berserker Upgrade |
| 8:07 | Spirit Walker Adept Training |
| 8:41 | Tauren Totem |
| 8:46 | Orc Burrow |
| 8:55 | Healing Wave |
| 9:09 | Orb of Lightning |
| 10:07 | Wind Walk |
| 10:09 | Spirit Walker Master Training |
| 10:18 | Lesser Clarity Potion |
| 10:20 | Healing Salve |
| 10:33 | Tauren |
| 10:41 | Peon |
| 11:20 | Potion of Healing |
| 11:34 | Spirit Walker |
| 11:38 | Potion of Healing |
| 11:53 | War Stomp |
| 11:59 | Healing Wave |
| 12:14 | Pulverize |
| 12:20 | Spirit Walker |
| 12:30 | Scroll of Town Portal |
| 13:25 | Potion of Healing |
| 13:26 | Healing Salve |
| 13:47 | Scroll of Town Portal |
| 13:59 | Tiny Great Hall |
| 14:09 | Troll Berserker |
| 14:22 | Orc Burrow |
| 14:48 | Tauren |
| 14:50 | Peon |
| 15:21 | Endurance Aura |
| 15:28 | Steel Armor |
| 15:34 | Watch Tower |
| 15:35 | Watch Tower |
| 15:39 | Demolisher |
| 17:02 | Spirit Walker |
| 17:03 | Demolisher |
| 17:17 | Potion of Healing |
| 17:18 | Lesser Clarity Potion |
| 17:19 | Healing Salve |
| 17:20 | Scroll of Town Portal |
| 17:40 | Tauren |
| 18:15 | Lesser Clarity Potion |
| 18:20 | Tauren |
| 18:53 | Lesser Clarity Potion |
| 18:54 | Scroll of Speed |
| 18:54 | Potion of Healing |
| 19:22 | Lesser Clarity Potion |
| 19:24 | Tauren |
| 19:46 | Orc Burrow |
| 21:10 | Critical Strike |
| Right click | 1052 |
| Select group | 871 |
| Select | 319 |
| Assign group | 283 |
| Build/train/purchase | 157 |
| Misc. action | 85 |
| Use ability | 64 |
| Chat | 44 |
| Minimap ping | 20 |
| Item give/drop | 8 |
| Esc | 1 |


| Rod of Necromancy | 2 | 300 |
| Orb of Corruption | 1 | 375 |
| Potion of Healing | 1 | 150 |
| Scroll of Town Portal | 3 | 1050 |
| Scroll of Healing | 2 | 500 |
| Healing Salve | 1 | 100 |
| total: | 10 | 2475g |
| Acolyte | 13 | 975 | / | 0 |
| Ghoul | 3 | 360 | / | 0 |
| Crypt Fiend | 13 | 2795 | / | 520 |
| Obsidian Statue | 2 | 400 | / | 70 |
| Abomination | 4 | 960 | / | 280 |
| total: | 35 | 5490g | / | 870w |
| Spirit Tower | 8 | 1160 | / | 320 |
| Nerubian Tower | 1 | 100 | / | 20 |
| Crypt | 2 | 400 | / | 100 |
| Altar of Darkness | 1 | 180 | / | 50 |
| Ziggurat | 5 | 750 | / | 250 |
| Tomb of Relics | 3 | 390 | / | 90 |
| Graveyard | 1 | 215 | / | 0 |
| Slaughterhouse | 2 | 280 | / | 270 |
| Halls of the Dead | 3 | 960 | / | 630 |
| Black Citadel | 7 | 2275 | / | 1610 |
| total: | 14 | 2215g | / | 760w |
| 0:02 | Acolyte |
| 0:02 | Acolyte |
| 0:06 | Crypt |
| 0:10 | Altar of Darkness |
| 0:23 | Ziggurat |
| 0:36 | Acolyte |
| 0:51 | Tomb of Relics |
| 1:07 | Ghoul |
| 1:27 | Ghoul |
| 1:42 | Graveyard |
| 1:52 | Ghoul |
| 2:12 | Rod of Necromancy |
| 2:14 | Death Coil |
| 2:41 | Halls of the Dead |
| 2:50 | Ziggurat |
| 3:25 | Unholy Aura |
| 3:39 | Crypt |
| 3:52 | Crypt Fiend |
| 4:11 | Crypt Fiend |
| 4:21 | Spirit Tower |
| 4:45 | Crypt Fiend |
| 5:02 | Acolyte |
| 5:03 | Acolyte |
| 6:02 | Black Citadel |
| 6:27 | Ziggurat |
| 6:36 | Acolyte |
| 6:36 | Acolyte |
| 6:51 | Death Coil |
| 6:59 | Crypt Fiend |
| 7:01 | Nerubian Tower |
| 7:06 | Rod of Necromancy |
| 7:26 | Black Citadel |
| 7:26 | Black Citadel |
| 7:52 | Slaughterhouse |
| 8:06 | Web |
| 9:02 | Healing Salve |
| 9:13 | Obsidian Statue |
| 9:15 | Ziggurat |
| 9:52 | Orb of Corruption |
| 10:12 | Potion of Healing |
| 10:15 | Frost Nova |
| 10:22 | Death Pact |
| 10:41 | Spirit Tower |
| 10:54 | Spirit Tower |
| 11:18 | Scroll of Town Portal |
| 11:35 | Acolyte |
| 11:35 | Acolyte |
| 11:40 | Tomb of Relics |
| 12:28 | Abomination |
| 12:31 | Ziggurat |
| 13:27 | Frost Armor |
| 13:29 | Tomb of Relics |
| 13:41 | Crypt Fiend |
| 13:52 | Abomination |
| 14:34 | Scroll of Town Portal |
| 14:41 | Scroll of Healing |
| 14:43 | Destroyer Form |
| 14:57 | Crypt Fiend |
| 15:04 | Acolyte |
| 15:45 | Crypt Fiend |
| 16:02 | Crypt Fiend |
| 16:40 | Crypt Fiend |
| 16:57 | Crypt Fiend |
| 17:24 | Acolyte |
| 17:24 | Acolyte |
| 17:49 | Scroll of Healing |
| 18:10 | Abomination |
| 18:13 | Acolyte |
| 18:38 | Crypt Fiend |
| 18:45 | Slaughterhouse |
| 19:17 | Obsidian Statue |
| 19:48 | Scroll of Town Portal |
| 20:24 | Crypt Fiend |
| 20:25 | Abomination |
| 20:59 | Crypt Fiend |
| Select group | 1240 |
| Right click | 1216 |
| Select | 353 |
| Misc. action | 128 |
| Build/train/purchase | 109 |
| Use ability | 67 |
| Assign group | 43 |
| Resource trade | 12 |
| Chat | 8 |
| Remove unit | 5 |
| Item give/drop | 4 |
| Minimap ping | 3 |
70 units @ 10.1k
/ 1.1k
48 buildings @ 6.1k
/ 2.4k


| Healing Salve | 6 | 600 |
| Scroll of Speed | 8 | 400 |
| Lesser Clarity Potion | 9 | 630 |
| Potion of Mana | 2 | 400 |
| Potion of Healing | 3 | 450 |
| Scroll of Healing | 2 | 500 |
| Scroll of Town Portal | 2 | 700 |
| Potion of Lesser Invulnerability | 1 | 150 |
| Scroll of Regeneration | 1 | 100 |
| total: | 34 | 3930g |
| Peon | 11 | 825 | / | 0 |
| Grunt | 5 | 1000 | / | 0 |
| Raider | 4 | 720 | / | 160 |
| Spirit Walker | 4 | 780 | / | 140 |
| Kodo Beast | 1 | 255 | / | 60 |
| Troll Headhunter | 4 | 560 | / | 80 |
| Troll Berserker | 7 | 980 | / | 140 |
| Tauren | 1 | 280 | / | 80 |
| total: | 37 | 5400g | / | 660w |
| Altar of Storms | 1 | 180 | / | 50 |
| Orc Burrow | 6 | 960 | / | 240 |
| Barracks | 1 | 180 | / | 50 |
| Voodoo Lounge | 3 | 390 | / | 90 |
| War Mill | 2 | 410 | / | 0 |
| Great Hall | 1 | 385 | / | 185 |
| Beastiary | 1 | 145 | / | 140 |
| Tauren Totem | 1 | 135 | / | 155 |
| Stronghold | 1 | 315 | / | 190 |
| Fortress | 1 | 325 | / | 190 |
| total: | 16 | 2785g | / | 910w |
| 0:02 | Peon |
| 0:02 | Peon |
| 0:06 | Altar of Storms |
| 0:15 | Orc Burrow |
| 0:33 | Barracks |
| 0:36 | Peon |
| 0:49 | Peon |
| 1:07 | Peon |
| 1:19 | Peon |
| 1:35 | Grunt |
| 1:37 | Orc Burrow |
| 1:46 | Peon |
| 2:04 | Voodoo Lounge |
| 2:07 | Feral Spirit |
| 2:31 | Grunt |
| 2:48 | Stronghold |
| 3:06 | Healing Salve |
| 3:06 | Scroll of Speed |
| 3:14 | Lesser Clarity Potion |
| 3:16 | Chain Lighting |
| 3:42 | Grunt |
| 3:48 | Orc Burrow |
| 4:27 | Grunt |
| 5:13 | Berserker Strength |
| 5:30 | War Mill |
| 5:34 | Beastiary |
| 5:48 | Tauren Totem |
| 5:51 | War Mill |
| 5:56 | Lesser Clarity Potion |
| 5:59 | Healing Salve |
| 6:03 | Scroll of Speed |
| 6:24 | Pillage |
| 6:42 | Raider |
| 6:43 | Ensnare |
| 6:48 | Orc Burrow |
| 6:57 | Shockwave |
| 7:06 | Spirit Walker |
| 7:25 | Chain Lighting |
| 7:32 | Potion of Lesser Invulnerability |
| 7:34 | Scroll of Healing |
| 7:48 | Spirit Walker Adept Training |
| 8:11 | Endurance Aura |
| 8:21 | Grunt |
| 8:36 | Lesser Clarity Potion |
| 8:39 | Lesser Clarity Potion |
| 8:46 | Kodo Beast |
| 9:19 | Raider |
| 9:21 | Reinforced Defenses |
| 9:59 | Shockwave |
| 10:03 | Healing Salve |
| 10:09 | Steel Armor |
| 10:27 | Orc Burrow |
| 11:00 | Great Hall |
| 11:30 | Raider |
| 11:49 | Thorium Armor |
| 12:02 | Spirit Walker |
| 12:18 | Lesser Clarity Potion |
| 12:18 | Potion of Mana |
| 12:18 | Scroll of Speed |
| 12:28 | Healing Salve |
| 12:33 | Voodoo Lounge |
| 12:35 | Steel Melee Weapons |
| 12:44 | Fortress |
| 13:36 | Spirit Walker |
| 13:40 | Troll Headhunter |
| 14:05 | Peon |
| 14:05 | Peon |
| 14:05 | Peon |
| 14:05 | Peon |
| 14:23 | Feral Spirit |
| 14:38 | Troll Headhunter |
| 14:50 | Lesser Clarity Potion |
| 14:51 | Scroll of Speed |
| 14:52 | Healing Salve |
| 15:00 | Scroll of Speed |
| 15:02 | Troll Headhunter |
| 15:09 | Berserker Upgrade |
| 15:11 | War Drums Damage Increase |
| 15:12 | Spirit Walker Master Training |
| 15:40 | Scroll of Healing |
| 15:57 | Troll Headhunter |
| 16:29 | Endurance Aura |
| 17:27 | Scroll of Town Portal |
| 17:33 | Scroll of Regeneration |
| 17:37 | Potion of Healing |
| 17:38 | Potion of Healing |
| 17:43 | Troll Berserker |
| 17:48 | Raider |
| 17:49 | Tauren |
| 17:55 | Spirit Walker |
| 18:05 | Arcanite Armor |
| 18:18 | Voodoo Lounge |
| 18:25 | Lesser Clarity Potion |
| 18:25 | Healing Salve |
| 18:29 | Scroll of Speed |
| 18:33 | Lesser Clarity Potion |
| 18:38 | Scroll of Speed |
| 18:43 | Troll Berserker |
| 18:43 | Troll Berserker |
| 18:55 | Steel Ranged Weapons |
| 18:57 | Troll Berserker |
| 18:59 | Troll Regeneration |
| 19:26 | Troll Berserker |
| 19:31 | Chain Lighting |
| 19:39 | Orc Burrow |
| 20:33 | Scroll of Town Portal |
| 20:35 | Scroll of Speed |
| 21:04 | Shockwave |
| 21:08 | Potion of Mana |
| 21:09 | Lesser Clarity Potion |
| 21:15 | Troll Berserker |
| 21:16 | Troll Berserker |
| 21:20 | Potion of Healing |
| Right click | 1704 |
| Select | 612 |
| Select group | 553 |
| Build/train/purchase | 177 |
| Use ability | 80 |
| Assign group | 63 |
| Misc. action | 46 |
| Item give/drop | 8 |
| Esc | 3 |
| Minimap ping | 2 |


| Scroll of Regeneration | 3 | 300 |
| Lesser Clarity Potion | 7 | 490 |
| Potion of Healing | 1 | 150 |
| Staff of Sanctuary | 2 | 500 |
| Orb of Fire | 2 | 650 |
| Potion of Mana | 2 | 400 |
| Scroll of Town Portal | 5 | 1750 |
| Potion of Lesser Invulnerability | 1 | 150 |
| total: | 23 | 4390g |
| Peasant | 9 | 675 | / | 0 |
| Footman | 8 | 1080 | / | 0 |
| Rifleman | 7 | 1435 | / | 210 |
| Priest | 6 | 810 | / | 60 |
| Sorceress | 2 | 310 | / | 40 |
| Goblin Shredder | 1 | 375 | / | 100 |
| total: | 33 | 4685g | / | 410w |
| Scout Tower | 7 | 210 | / | 140 |
| Arcane Tower | 1 | 70 | / | 50 |
| Guard Tower | 7 | 490 | / | 350 |
| Altar of Kings | 1 | 180 | / | 50 |
| Barracks | 2 | 320 | / | 120 |
| Farm | 12 | 960 | / | 240 |
| Lumber Mill | 1 | 120 | / | 0 |
| Blacksmith | 1 | 140 | / | 60 |
| Arcane Vault | 3 | 390 | / | 90 |
| Town Hall | 1 | 385 | / | 205 |
| Arcane Sanctum | 1 | 150 | / | 140 |
| Gryphon Aviary | 1 | 140 | / | 150 |
| Workshop | 2 | 280 | / | 280 |
| Keep | 1 | 320 | / | 210 |
| Castle | 1 | 360 | / | 210 |
| total: | 32 | 3275g | / | 1475w |
| 0:01 | Peasant |
| 0:01 | Peasant |
| 0:03 | Peasant |
| 0:07 | Altar of Kings |
| 0:18 | Barracks |
| 0:28 | Peasant |
| 0:32 | Farm |
| 0:40 | Peasant |
| 0:47 | Farm |
| 0:53 | Peasant |
| 1:18 | Peasant |
| 1:19 | Footman |
| 1:33 | Peasant |
| 1:39 | Footman |
| 1:41 | Farm |
| 1:52 | Peasant |
| 2:01 | Footman |
| 2:01 | Footman |
| 2:05 | Summon Water Elemental |
| 2:25 | Footman |
| 2:48 | Brilliance Aura |
| 2:48 | Footman |
| 3:16 | Footman |
| 3:18 | Keep |
| 3:18 | Footman |
| 3:25 | Farm |
| 3:57 | Lumber Mill |
| 4:28 | Farm |
| 5:01 | Goblin Shredder |
| 5:06 | Blacksmith |
| 5:10 | Summon Water Elemental |
| 5:21 | Arcane Vault |
| 5:23 | Farm |
| 5:24 | Farm |
| 6:10 | Farm |
| 6:26 | Arcane Sanctum |
| 6:27 | Scroll of Regeneration |
| 6:27 | Lesser Clarity Potion |
| 6:29 | Potion of Healing |
| 6:37 | Rifleman |
| 6:39 | Storm Bolt |
| 7:01 | Long Rifles |
| 7:13 | Rifleman |
| 7:45 | Priest |
| 7:46 | Rifleman |
| 7:51 | Thunder Clap |
| 8:08 | Priest Adept Training |
| 8:08 | Rifleman |
| 8:53 | Farm |
| 8:53 | Farm |
| 9:11 | Scroll of Town Portal |
| 9:12 | Potion of Lesser Invulnerability |
| 9:14 | Brilliance Aura |
| 9:24 | Black Gunpowder |
| 9:26 | Magic Sentry |
| 9:35 | Improved Masonry |
| 10:04 | Rifleman |
| 10:04 | Priest |
| 10:12 | Gryphon Aviary |
| 10:19 | Scout Tower |
| 10:20 | Scout Tower |
| 10:21 | Scout Tower |
| 10:21 | Scout Tower |
| 10:48 | Town Hall |
| 11:02 | Arcane Tower |
| 11:07 | Scroll of Regeneration |
| 11:24 | Guard Tower |
| 11:44 | Rifleman |
| 11:50 | Guard Tower |
| 11:54 | Storm Bolt |
| 11:57 | Guard Tower |
| 12:18 | Scroll of Town Portal |
| 12:22 | Priest |
| 12:29 | Arcane Vault |
| 12:30 | Scout Tower |
| 12:48 | Farm |
| 12:48 | Farm |
| 13:10 | Rifleman |
| 13:12 | Priest |
| 13:29 | Lesser Clarity Potion |
| 13:30 | Scroll of Town Portal |
| 13:35 | Scout Tower |
| 13:36 | Scout Tower |
| 14:03 | Castle |
| 14:04 | Refined Gunpowder |
| 14:06 | Guard Tower |
| 14:26 | Studded Leather Armor |
| 14:27 | Guard Tower |
| 15:14 | Priest |
| 15:15 | Priest |
| 15:17 | Scroll of Regeneration |
| 15:22 | Scroll of Town Portal |
| 15:22 | Lesser Clarity Potion |
| 15:24 | Lesser Clarity Potion |
| 15:28 | Sorceress |
| 15:39 | Guard Tower |
| 16:14 | Arcane Vault |
| 17:00 | Summon Water Elemental |
| 17:03 | Thunder Clap |
| 17:26 | Imbued Gunpowder |
| 17:26 | Reinforced Leather Armor |
| 17:28 | Staff of Sanctuary |
| 17:28 | Orb of Fire |
| 17:29 | Lesser Clarity Potion |
| 17:32 | Lesser Clarity Potion |
| 17:34 | Potion of Mana |
| 17:56 | Advanced Masonry |
| 17:56 | Priest Master Training |
| 17:59 | Animal War Training |
| 18:03 | Barracks |
| 18:06 | Workshop |
| 18:09 | Workshop |
| 18:17 | Sorceress Adept Training |
| 19:11 | Sorceress |
| 19:13 | Sorceress Master Training |
| 19:16 | Lesser Clarity Potion |
| 19:19 | Scroll of Town Portal |
| 19:30 | Staff of Sanctuary |
| 19:31 | Orb of Fire |
| 19:36 | Imbued Masonry |
| 19:40 | Fragmentation Shards |
| 21:12 | Potion of Mana |
| 21:14 | Storm Bolt |
| Right click | 898 |
| Select | 674 |
| Select group | 635 |
| Build/train/purchase | 220 |
| Misc. action | 190 |
| Assign group | 89 |
| Use ability | 44 |
| Esc | 4 |
| Minimap ping | 3 |
| Item give/drop | 2 |
| Remove unit | 1 |
⇛